 Dungeon Crawl Stone Soup version 0.29.1-15-g9cfb28693d (webtiles) character file.

Game seed: 8642930553224277405

53 promet the Grave Robber (level 3, 0/19 HPs)
             Began as a Deep Elf Necromancer on Mar 21, 2023.
             Slain by a gnoll
             ... wielding a +3 spear of venom
              (1 damage)
             ... on level 3 of the Dungeon.
             The game lasted 00:09:13 (2365 turns).

promet the Grave Robber (Deep Elf Necromancer)      Turns: 2365, Time: 00:09:14

Health: 0/19       AC:  2    Str:  5    XL:     3   Next: 64%
Magic:  10/10      EV: 12    Int: 21    God:
Gold:   71         SH:  0    Dex: 15    Spells: 4/10 levels left

rFire   . . .      SeeInvis .   a - +0 morningstar
rCold   . . .      Faith    .   (no shield)
rNeg    . . .      Spirit   .   d - +0 robe
rPois   .          Reflect  .   (no helmet)
rElec   .          Harm     .   (no cloak)
rCorr   .          Rampage  .   (no gloves)
Will    .....                   (no boots)
Stlth   ++........              (no amulet)
HPRegen 0.06/turn               (no ring)
MPRegen 0.12/turn               (no ring)

@: lethally poisoned (0 -> -5)
A: no striking features
a: no special abilities


You were on level 3 of the Dungeon.
You visited 1 branch of the dungeon, and saw 3 of its levels.

You collected 71 gold pieces.

Inventory:

Hand Weapons
 a - a +0 morningstar (weapon)
 g - a +1 short sword
 i - a +0 whip
 k - a +0 dagger
Missiles
 c - 5 poisoned darts
 e - 31 stones
Armour
 d - a +0 robe (worn)
Potions
 b - a potion of magic
 f - 2 potions of mutation
 h - a potion of brilliance {unknown}
 j - a potion of haste {unknown}
 l - a potion of ambrosia {unknown}
 o - 2 potions of attraction


   Skills:
 + Level 2.5 Dodging
 + Level 2.4 Stealth
 + Level 4.1 Spellcasting
 * Level 5.9 Necromancy


You had 4 spell levels left.
You knew the following spells:

 Your Spells              Type           Power      Damage    Failure   Level
a - Necrotise             Necr           100%       1d9       1%          1
b - Blink                 Tloc           8%         N/A       19%         2
c - Vampiric Draining     Necr           29%        2d8       3%          3

Your spell library contained the following spells:

 Spells                   Type           Power      Damage    Failure   Level
 Animate Dead             Necr           29%        N/A       11%         4
 Call Canine Familiar     Summ           4%         N/A       34%         3
 Lesser Beckoning         Tloc           4%         N/A       34%         3
 Portal Projectile        Hex/Tloc       8%         N/A       34%         3
 Leda's Liquefaction      Hex/Erth       2%         N/A       75%         4
 Agony                    Necr           29%        N/A       28%         5
 Manifold Assault         Tloc           4%         N/A       97%         5


Dungeon Overview and Level Annotations

Branches:
Dungeon (3/15)

Altars:


Message History

HP restored.
You start waiting.
Done waiting.
Done exploring.
Done exploring.
A giant cockroach is nearby!
Casting: Necrotise (safe; 1% risk of failure)
Confirm with . or Enter, or press ? or * to list all spells.
Aiming: Necrotise (safe; 1% risk of failure)
Press: ? - help, Shift-Dir - straight line, f - giant cockroach
Aim: a giant cockroach (chance to affect: 93%)
The giant cockroach writhes in agony.
Casting: Necrotise (safe; 1% risk of failure)
Confirm with . or Enter, or press ? or * to list all spells.
Aiming: Necrotise (safe; 1% risk of failure)
Press: ? - help, Shift-Dir - straight line, f/p - giant cockroach
Aim: a giant cockroach (severely wounded, chance to affect: 93%)
The giant cockroach writhes in agony.
You thump the giant cockroach!
You kill the giant cockroach!
There is a stone staircase leading down here.
You climb downwards.
Found 5 stones.
There is a stone staircase leading up here.
Found a stone staircase leading up.
The gnoll shouts!
A gnoll comes into view. It is wielding a +0 club.
The gnoll hits you with a +3 spear of venom.
You are poisoned.
You feel very sick.
The gnoll hits you from afar with a +3 spear of venom!
Ouch! That really hurt!
* * * LOW HITPOINT WARNING * * *
* * * LOW HITPOINT WARNING * * *
You feel sick.
There is a stone staircase leading up here.
* * * LOW HITPOINT WARNING * * *
You feel sick.
The gnoll hits you from afar with a +3 spear of venom.
You die...

#....<#
#.....#
#.....#
+.....#
#.....#
###g....#
#...g.#
#..r..#
#..@..#
#.....#
#.....#
+.....+
#.....#
#....#.
#.##.#..
.. .#..(


You could see 2 gnolls and a quokka.

Vanquished Creatures
  An adder (D:2)
  3 dart slugs (D:1)
  4 ball pythons
  3 endoplasms
  4 giant cockroaches
  5 goblins (D:1)
  3 hobgoblins
  A quokka (D:1)
  3 bats
  A frilled lizard (D:1)
  2 kobolds (D:1)
  4 rats
34 creatures vanquished.

Vanquished Creatures (collateral kills)
  A ball python (D:1)
1 creature vanquished.

Grand Total: 35 creatures vanquished

Notes
Turn   | Place    | Note
-------+----------+-------------------------------------------
     0 | D:1      | promet the Deep Elf Necromancer began the quest for the
                  | Orb.
     0 | D:1      | Reached XP level 1. HP: 10/10 MP: 6/6
   102 | D:1      | Reached skill level 5 in Necromancy
   242 | D:1      | Reached XP level 2. HP: 15/15 MP: 6/8
   433 | D:1      | Learned a level 2 spell: Blink
   962 | D:1      | Reached XP level 3. HP: 19/19 MP: 3/10
   969 | D:1      | Learned a level 3 spell: Vampiric Draining
  2365 | D:3      | Slain by a gnoll

Illustrated notes

Levels and vault maps discovered:
D:1:      dpeg_arrival_rooms_c, layout_basic, chequers_serial_rivers_micro_c
D:2:      minmay_general_purpose_star, layout_basic
D:3:      layout_basic, mainiacjoe_overflow_chevrons

Skill      XL: |  1  2 |
---------------+-------+-----
Necromancy     | 5 |  5.9
Spellcasting   | 4 |  4.1
Dodging        | |  2.5
Stealth        | |  2.4

Action                   || total
-------------------------++-------
Melee: Whip              ||    17
       Punch             ||     1
       Short sword       ||     3
       Morningstar       ||     2
       Dagger            ||     1
 Cast: Necrotise         ||    54
       Blink             ||     1
       Vampiric Draining ||     1
  Use: Scroll            ||     4
 Stab: Sleeping          ||     1
Armor: Robe              ||     8
Dodge: Dodged            ||    30
